 Dungeon Crawl Stone Soup version 0.19.4-9-g45fd643 (webtiles) character file.

929 danebombitumenja the Archer (level 7, 0/60 HPs)
             Began as a Centaur Hunter on Feb 18, 2017.
             Succumbed to a scorpion's poison
             ... on level 5 of the Dungeon.
             The game lasted 00:12:49 (6003 turns).

danebombitumenja the Archer (Centaur Hunter)        Turns: 6003, Time: 00:12:50

Health: 0/60       AC: 10    Str: 14 (17) XL:     7   Next: 85%
Magic:  2/7        EV:  4    Int:  9 (10) God:
Gold:   294        SH:  0    Dex:  8 (9)  Spells: 0 memorised, 6 levels left

rFire  . . .     SeeInvis .     b - +4 quarterstaff (chaos)
rCold  . . .     Gourm    .     q - +0 chain mail
rNeg   . . .     Faith    .     (shield currently unavailable)
rPois  .         Spirit   +     w - +0 helmet
rElec  .         Reflect  .     y - +0 cloak
rCorr  +         Harm     .     g - +0 pair of gloves
MR     .....                    (no barding)
Stlth  ..........               t - amulet of guardian spirit
                                (no ring)
                                k - ring of resist corrosion

@: lethally poisoned (0 -> -10), very quick
A: hooves 3, deformed body, speed 2, tough skin 3
a: no special abilities


You were on level 5 of the Dungeon.
You were hungry.

You visited 1 branch of the dungeon, and saw 5 of its levels.

You collected 294 gold pieces.

Inventory:

Hand Weapons
 a - a +1 shortbow
 b - a +4 quarterstaff of chaos (weapon)
Missiles
 d - 16 arrows
 n - 23 bolts
Armour
 g - a +0 pair of gloves (worn)
 q - a +0 chain mail (worn)
 w - a +0 helmet (worn)
 y - a +0 cloak (worn)
Jewellery
 k - a ring of resist corrosion (left hand)
 t - an amulet of guardian spirit (around neck)
Scrolls
 e - a scroll of fear {unknown}
 j - 5 scrolls of identify {unknown}
 m - 2 scrolls of teleportation {unknown}
 o - 6 scrolls of remove curse {unknown}
 p - a scroll of fog {unknown}
 s - a scroll of recharging {unknown}
 u - 2 scrolls of blinking {unknown}
 v - a scroll of amnesia {unknown}
 z - a scroll of immolation {unknown}
 B - a scroll of random uselessness {unknown}
Potions
 h - a potion of ambrosia {unknown}
 i - 2 potions of heal wounds {unknown}
 l - a potion of beneficial mutation {unknown}
 r - a potion of lignification {unknown}
 x - a potion of agility {unknown}
Comestibles
 f - 3 bread rations
 A - 9 fruits


   Skills:
 + Level 4.6 Fighting
 * Level 10.1 Bows
 - Level 1.3 Dodging
 - Level 0.4 Stealth
 + Level 4.0 Unarmed Combat


You had 6 spell levels left.
You didn't know any spells.

Dungeon Overview and Level Annotations

Branches:
Dungeon (5/15)
 Temple: D:4-7

Altars:
The Shining One


Innate Abilities, Weirdness & Mutations

You have hooves in place of feet.
Armour fits poorly on your strangely shaped body.
You cover ground very quickly.
You have extremely tough skin. (AC +3)


Message History

Things that are here:
19 gold pieces; a dagger You barely miss the shadow imp.
* * * LOW HITPOINT WARNING * * *
You feel sick.
The shadow imp hits you but does no damage.
You hit the shadow imp.
The shadow imp is lightly wounded.
* * * LOW HITPOINT WARNING * * *
You feel sick.
The shadow imp hits you but does no damage.
You barely miss the shadow imp. You kick the shadow imp.
The shadow imp is moderately wounded.
* * * LOW HITPOINT WARNING * * *
You feel sick.
The shadow imp hits you but does no damage. x2
It was a potion of degeneration.
There was something very wrong with that liquid.
You feel weakened.
You feel dopey.
You feel clumsy.
You die...

···▒ ·▒ ·▒·▒ [▒▒▒·
···▒▒▒▒▒▒ ▒·▒·· ·
▒▒······▒ ··!· ··
▒▒▒·▒▒··▒▒▒▒▒▒▒··▒ ···
▒·▒▒▒ ········▒▒▒··▒
▒···▒▒▒▒▒··▒·▒▒···▒
▒▒▒·▒····?····5·▒▒
▒▒†··▒▒·▒▒·▒@···▒
▒▒▒▒▒··▒·····▒·▒▒▒▒··▒
··········▒<·▒·▒ ····
·············▒·▒▒▒▒
▒▒▒
······)············
·················▒▒
>··········▒▒▒·····
···········▒ ·▒▒·▒
···········▒ ·▒ ·


You could see a shadow imp.

Vanquished Creatures
  Eustachio (D:4)
  Menkaure (D:4)
  The ghost of Eremar the Sneak, an amateur SpAs of Ashenzari (D:3)
  2 scorpions (D:5)
  3 orc priests
  3 hounds
  Crazy Yiuf (D:3)
  A bullfrog zombie (D:4)
  An orc wizard (D:2)
  2 worker ants (D:4)
  A howler monkey zombie (D:4)
  2 worker ant zombies (D:4)
  4 adders
  2 oozes
  2 adder skeletons (D:4)
  3 worms
  A dart slug (D:2)
  4 leopard geckos
  15 orcs
  7 giant cockroaches
  5 goblins
  5 hobgoblins
  5 jackals
  5 kobolds
  4 quokkas
  5 ball pythons
  7 bats
  6 frilled lizards
  A jackal skeleton (D:4)
  A leopard gecko zombie (D:4)
  A quokka zombie (D:4)
  14 rats
116 creatures vanquished.

Notes
Turn   | Place    | Note
-------+----------+-------------------------------------------
     0 | D:1      | danebombitumenja the Centaur Hunter began the quest for the Orb.
     0 | D:1      | Reached XP level 1. HP: 17/17 MP: 1/1
   346 | D:1      | Reached XP level 2. HP: 22/24 MP: 2/2
  1070 | D:1      | Reached skill level 6 in Bows
  1203 | D:2      | Reached XP level 3. HP: 30/30 MP: 3/3
  1878 | D:2      | Reached skill level 1 in Unarmed Combat
  1972 | D:2      | Found a glowing golden altar of the Shining One.
  2406 | D:2      | Reached XP level 4. HP: 36/37 MP: 4/4
  2551 | D:3      | Noticed Eremar's ghost (amateur SpAs)
  2767 | D:2      | Reached skill level 7 in Bows
  3071 | D:3      | Reached XP level 5. HP: 33/45 MP: 3/5
  3315 | D:3      | Killed Eremar's ghost
  3503 | D:3      | Found a runed door.
  3508 | D:3      | Noticed Crazy Yiuf
  3535 | D:3      | Killed Crazy Yiuf
  3535 | D:3      | Reached skill level 8 in Bows
  3669 | D:3      | Reached XP level 6. HP: 51/51 MP: 6/6
  4333 | D:4      | Noticed Menkaure
  4339 | D:4      | Killed Menkaure
  4419 | D:4      | Reached skill level 9 in Bows
  4429 | D:4      | Reached XP level 7. HP: 35/59 MP: 4/7
  5020 | D:4      | Noticed Eustachio
  5192 | D:4      | Killed Eustachio
  5802 | D:5      | Entered Level 5 of the Dungeon
  5817 | D:5      | Reached skill level 10 in Bows
  6000 | D:5      | HP: 3/60 [poisoned by a scorpion]
  6001 | D:5      | HP: 1/60 [poisoned by a scorpion]
  6003 | D:5      | Succumbed to a scorpion's poison

Skill      XL: |  1  2  3  4  5  6  7 |
---------------+----------------------+-----
Bows           | 6 7 8 9 10 | 10.1
Unarmed Combat | 1 2 3 4 |  4.0
Fighting       | 3 4 |  4.6
Dodging        | |  1.3
Stealth        | |  0.4

Action                   |  1- 3 |  4- 6 |  7- 9 || total
-------------------------+-------+-------+-------++-------
Melee: Short sword       |   158 |   158 |    69 ||   385
       Kick              |    35 |    30 |    24 ||    89
       Quarterstaff      |       |       |    40 ||    40
 Fire: Shortbow          |     6 |    86 |    69 ||   161
  Use: Potion            |       |       |     1 ||     1
  Eat: Chunk             |     3 |     6 |     4 ||    13
Armor: Leather armour    |    18 |       |       ||    18
       Chain mail        |    80 |   142 |    81 ||   303
Dodge: Dodged            |    47 |    49 |    31 ||   127
